 Dungeon Crawl Stone Soup version 0.20.0 (webtiles) character file.

874 FakerFangirl the Basher (level 7, -6/60 HPs)
             Began as a Red Draconian Fighter on May 26, 2017.
             Mangled by a killer bee (7 damage)
             ... on level 5 of the Dungeon.
             The game lasted 00:04:27 (4282 turns).

FakerFangirl the Basher (Red Draconian Fighter)     Turns: 4282, Time: 00:04:28

Health: -6/60      AC:  6    Str: 19    XL:     7   Next: 74%
Magic:  7/7        EV: 10    Int:  8    God:
Gold:   287        SH:  9    Dex: 12    Spells: 6/6 levels left

rFire    + . .     SeeInvis .   Y - +1 flail
rCold    . . .     Gourm    .   b - +0 shield
rNeg     . . .     Faith    .   (armour unavailable)
rPois    .         Spirit   .   (helmet restricted)
rElec    .         Reflect  .   (no cloak)
rCorr    +         Harm     .   (no gloves)
MR       .....                  (no boots)
Stlth    +.........             (no amulet)
Regen    0.2/turn               h - ring of resist corrosion
MPRegen  0.1/turn               (no ring)

@: lethally poisoned (-6 -> -17)
A: breathe fire, unfitting armour, fire resistance 1, cold-blooded, AC +6
a: Breathe Fire


You were on level 5 of the Dungeon.
You were not hungry.

You visited 1 branch of the dungeon, and saw 5 of its levels.

You collected 287 gold pieces.


Innate Abilities, Weirdness & Mutations

You can breathe blasts of fire.
Your fiery red scales are hard. (AC +6)
You cannot fit into any form of body armour.
Your flesh is heat resistant. (rF+)
You are cold-blooded and may be slowed by cold attacks.


   Skills:
 + Level 4.4 Fighting
 - Level 8.2 Maces & Flails
 - Level 2.6 Dodging
 - Level 4.0 Shields


You had 6 spell levels left.
You didn't know any spells.

Inventory:

Hand Weapons
 Y - a +1 flail (weapon)
Missiles
 l - 5 tomahawks (quivered)
Armour
 b - a +0 shield (worn)
 n - a +0 pair of boots
Jewellery
 h - a ring of resist corrosion (left hand)
 m - an uncursed ring of protection from cold {unknown}
Wands
 r - a wand of polymorph (9/24)
Scrolls
 e - 3 scrolls of recharging
 j - 3 scrolls of identify
 s - a scroll of immolation {unknown}
Potions
 c - a potion of might
 f - a potion of ambrosia {unknown}
 k - a potion of haste {unknown}
 p - a potion of berserk rage {unknown}
 q - a potion of flight {unknown}
Comestibles
 d - 6 bread rations
 g - 4 meat rations

Dungeon Overview and Level Annotations

Branches:
Dungeon (5/15)
 Temple: D:4-7

Altars:
Fedhas
Kikubaaqudgha
Nemelex Xobeh
Ru
Yredelemnul


Message History

Press: ? - help, Shift-Dir - straight line, f - killer bee You throw a tomahawk.
The tomahawk closely misses the killer bee.
You feel sick. You block the killer bee's attack.
You barely miss the killer bee.
The killer bee is moderately wounded.
You feel sick. The killer bee barely misses you.
You block the killer bee's attack. x2
You miss the killer bee. You tail-slap the killer bee.
The killer bee is moderately wounded.
You feel sick. The killer bee stings you.
You are more poisoned.
The killer bee poisons you! You block the killer bee's attack.
You miss the killer bee.
The killer bee is moderately wounded.
You feel sick. The killer bee barely misses you. x2
You miss the killer bee.
The killer bee is moderately wounded.
You feel sick. You block the killer bee's attack. The killer bee stings you!
You die...

#.....###......)).# #.#...#
#.....##.#.....##.# #...###
###.###.###.#.###.# ##.## #.#
#####....##.# #.# #_#
##.....#.#.# #.#
#########...##.##..# #.# #####
......#.....##.##..# #.####...#
#####...#......##..# #.....(..#
# ##.##...###.@#.# ######...#
### #.##..## ##y#.# ##.## ..#
#.....# #.#.# #.# #.####..#..##
##.#.# #.# #...........###.(..#
#.# #.####.....#...##### #.#
...........#..################.#
.#####.....#...................#
.# #.##..)...#################


You could see a killer bee.

Vanquished Creatures
  An ogre (D:3)
  A centaur (D:5)
  2 scorpions (D:5)
  A killer bee (D:5)
  A crimson imp (D:5)
  A hound (D:4)
  A centaur skeleton (D:4)
  3 orc wizards
  4 bullfrog skeletons
  4 worker ants
  7 gnolls
  An adder (D:3)
  An ooze (D:3)
  2 worms (D:3)
  A dart slug (D:1)
  6 leopard geckos
  9 orcs
  7 bats
  A giant cockroach (D:2)
  5 goblins
  11 hobgoblins
  3 jackals (D:1)
  10 kobolds
  4 quokkas
  A ball python (D:3)
  3 frilled lizards
  2 gnoll zombies (D:5)
  2 rats
95 creatures vanquished.

Notes
Turn   | Place    | Note
-------+----------+-------------------------------------------
     0 | D:1      | FakerFangirl the Draconian Fighter began the quest for the Orb.
     0 | D:1      | Reached XP level 1. HP: 19/19 MP: 1/1
     0 | D:1      | 0 ||| counter = 66
   205 | D:1      | Reached XP level 2. HP: 26/26 MP: 2/2
   234 | D:1      | Reached skill level 3 in Maces & Flails
   556 | D:1      | Reached XP level 3. HP: 31/31 MP: 3/3
   780 | D:1      | 780 ||| READING scroll labeled RAGUSS QOININUDGHO.
   781 | D:1      | 781 ||| READING scroll labeled YMAGIDGH FAUK.
  1281 | D:2      | 1281 ||| READING scroll labeled MUPOUDGHUPP.
  1282 | D:2      | 1282 ||| READING scroll labeled DARCHY IBUITISM.
  1283 | D:2      | 1283 ||| DRINKING 2 ruby potions.
  1284 | D:2      | 1284 ||| DRINKING 2 fizzy green potions.
  1327 | D:2      | 1327 ||| READING 4 scrolls of identify.
  1327 | D:2      | 1327 ||| IDENTIFYING moonstone ring
  1328 | D:2      | 1328 ||| UPGRADING to ring of resist corrosion.
  1329 | D:2      | 1329 ||| READING 3 scrolls of identify.
  1329 | D:2      | 1329 ||| IDENTIFYING knobbly marble ring
  1330 | D:2      | 1330 ||| DROPPING ring of stealth.
  1331 | D:2      | 1331 ||| READING 2 scrolls of identify.
  1331 | D:2      | 1331 ||| IDENTIFYING pink potion
  1332 | D:2      | 1332 ||| DROPPING potion of invisibility.
  1333 | D:2      | 1333 ||| DROPPING potion of lignification.
  1391 | D:3      | Reached skill level 4 in Maces & Flails
  1461 | D:3      | Found an ancient bone altar of Kikubaaqudgha.
  1747 | D:3      | Reached XP level 4. HP: 35/38 MP: 4/4
  2193 | D:3      | 2193 ||| READING scroll labeled RUTEYSITSU.
  2194 | D:3      | 2194 ||| READING scroll labeled JUL EFIVUE.
  2195 | D:3      | 2195 ||| READING scroll labeled PUSKAI GIOJ.
  2251 | D:4      | Noticed an ogre
  2253 | D:4      | 2253 ||| STAIRDANCE
  2487 | D:4      | 2487 ||| STAIRDANCE
  2491 | D:3      | Killed an ogre
  2491 | D:3      | Reached skill level 5 in Maces & Flails
  2491 | D:3      | Reached XP level 5. HP: 18/45 MP: 5/5
  2668 | D:4      | Reached skill level 6 in Maces & Flails
  2741 | D:4      | Reached XP level 6. HP: 43/52 MP: 6/6
  3333 | D:4      | Reached skill level 7 in Maces & Flails
  3470 | D:4      | 3470 ||| DRINKING 3 purple potions.
  3471 | D:4      | 3471 ||| DROPPING 2 potions of agility.
  3509 | D:5      | Entered Level 5 of the Dungeon
  3543 | D:5      | Found a sparkling altar of Nemelex Xobeh.
  3577 | D:5      | Your scales start taking on a fiery red colour.
  3577 | D:5      | Reached XP level 7. HP: 45/59 MP: 7/7
  3577 | D:5      | Gained mutation: Your flesh is heat resistant. (rF+) [Red Draconian growth]
  3836 | D:5      | Reached skill level 8 in Maces & Flails
  4130 | D:5      | Found a basalt altar of Yredelemnul.
  4173 | D:5      | Found a blossoming altar of Fedhas.
  4173 | D:5      | Found a sacrificial altar of Ru.
  4252 | D:5      | 4252 ||| Stepping ~*~*~tactically~*~*~ (outnumbered).
  4253 | D:5      | 4253 ||| Stepping ~*~*~tactically~*~*~ (outnumbered).
  4255 | D:5      | 4255 ||| Stepping ~*~*~tactically~*~*~ (outnumbered).
  4256 | D:5      | 4256 ||| Stepping ~*~*~tactically~*~*~ (outnumbered).
  4257 | D:5      | 4257 ||| Stepping ~*~*~tactically~*~*~ (outnumbered).
  4258 | D:5      | 4258 ||| Stepping ~*~*~tactically~*~*~ (outnumbered).
  4259 | D:5      | 4259 ||| Stepping ~*~*~tactically~*~*~ (outnumbered).
  4260 | D:5      | 4260 ||| Stepping ~*~*~tactically~*~*~ (outnumbered).
  4262 | D:5      | 4262 ||| Stepping ~*~*~tactically~*~*~ (outnumbered).
  4263 | D:5      | 4263 ||| Stepping ~*~*~tactically~*~*~ (outnumbered).
  4266 | D:5      | HP: 15/60 [poisoned by a killer bee]
  4267 | D:5      | 4267 ||| READING scroll of teleportation.
  4267 | D:5      | HP: 7/60 [killer bee (6)]
  4268 | D:5      | 4268 ||| DRINKING potion of heal wounds.
  4274 | D:5      | HP: 15/60 [poisoned by a killer bee]
  4279 | D:5      | HP: 10/60 [poisoned by a killer bee]
  4280 | D:5      | HP: 3/60 [killer bee (6)]
  4281 | D:5      | HP: 1/60 [poisoned by a killer bee]
  4282 | D:5      | Mangled by a killer bee

Vault maps used:
D:1:      onia_arrival_mini_spirals
D:3:      overflow_temple_1_default, minmay_checkerbox
D:4:      first_bread, minmay_ruptured
D:5:      lemuel_zombie_altar_yredelemnul,
          chequers_temple_overflow_statue_of_worship,
          nemelex_lonely_heart_becter

Skill      XL: |  1  2  3  4  5  6  7 |
---------------+----------------------+-----
Maces & Flails | 3 4 5 6 7 8 |  8.2
Fighting       | 4 |  4.4
Shields        | 4 |  4.0
Dodging        | |  2.6

Action                   |  1- 3 |  4- 6 |  7- 9 || total
-------------------------+-------+-------+-------++-------
Melee: Flail             |   129 |    95 |    68 ||   292
       Tailslap          |    15 |    14 |    10 ||    39
Throw: Tomahawk          |    22 |    20 |    14 ||    56
  Use: Scroll            |     7 |     3 |     1 ||    11
       Potion            |     2 |     1 |     1 ||     4
  Eat: Chunk             |     3 |     6 |     2 ||    11
Armor: Skin              |    37 |    22 |    22 ||    81
Dodge: Dodged            |    49 |    26 |    33 ||   108
Block: Shield            |    56 |    23 |    53 ||   132
